| TOP OF THE 1ST |
|
Palm Beach Nationals batting - Pitching for Kelowna Heat : RHP Brian Whitley
|
|
Pitching: RHP Brian Whitley
|
|
|
Batting: RHB Victor Rojas
|
0-0: Called Strike 0-1: Swinging Strike 0-2: Ground out 6-3 (Groundball, 6D, EV 81.2 MPH)
|
|
Batting: RHB Ivan Torres
|
0-0: Reached on error, E5 (Groundball, 5S, EV 83.1 MPH)
|
|
Batting: RHB Rudolph Lentz
|
0-0: SINGLE (Line Drive, 8LS, EV 94.4 MPH) Ivan Torres to second
|
|
Batting: RHB Jess Thomas
|
0-0: Swinging Strike 0-1: Foul Ball, location: 2F 0-2: Foul Ball, location: 2F 0-2: Strikes out looking
|
|
Batting: RHB Kenny Ball
|
0-0: Foul Ball, location: 2F 0-1: Called Strike 0-2: Ball 1-2: Fly out, F7 (Flyball, 8LM, EV 93.1 MPH)
|
| Top of the 1st over - 0 runs, 1 hit, 1 error, 2 left on base; Palm Beach 0 - Kelowna 0 |
| BOTTOM OF THE 1ST |
|
Kelowna Heat batting - Pitching for Palm Beach Nationals : RHP Michael Bastian
|
|
Pitching: RHP Michael Bastian
|
|
|
Batting: RHB Tsugio Yamaguchi
|
0-0: Ball 1-0: Ground out 6-3 (Groundball, 6M, EV 85.6 MPH)
|
|
Batting: LHB Adrian Navarro
|
0-0: Foul Ball, location: 2F 0-1: Foul Ball, location: 2F 0-2: Ball 1-2: Strikes out swinging
|
|
Batting: RHB Armando Ramirez
|
0-0: Called Strike 0-1: Ball 1-1: Ball 2-1: Fly out, F8 (Line Drive, 8LM, EV 106.2 MPH)
|
| Bottom of the 1st over - 0 runs, 0 hits, 0 errors, 0 left on base; Palm Beach 0 - Kelowna 0 |
| TOP OF THE 2ND |
|
Palm Beach Nationals batting - Pitching for Kelowna Heat : RHP Brian Whitley
|
|
Batting: RHB Jason Curry
|
0-0: Swinging Strike 0-1: Ball 1-1: Ball 2-1: Swinging Strike 2-2: Foul Ball, location: 2F 2-2: Foul Ball, location: 2F 2-2: Strikes out looking
|
|
Batting: LHB Tony Olvera
|
0-0: Foul Ball, location: 2F 0-1: Ball 1-1: Foul Ball, location: 2F 1-2: Strikes out swinging
|
|
Batting: SHB John Husson
|
0-0: Ball 1-0: Ball 2-0: Foul Ball, location: 2F 2-1: Ball 3-1: SINGLE (Groundball, 4MD, EV 97.5 MPH)
|
|
Batting: RHB Alex Gonzalez
|
0-0: Ball 1-0: Foul Ball, location: 2F 1-1: Foul Ball, location: 2F 1-2: Foul Ball, location: 2F 1-2: Strikes out swinging, 2-3 out at first.
|
| Top of the 2nd over - 0 runs, 1 hit, 0 errors, 1 left on base; Palm Beach 0 - Kelowna 0 |
| BOTTOM OF THE 2ND |
|
Kelowna Heat batting - Pitching for Palm Beach Nationals : RHP Michael Bastian
|
|
Batting: RHB Adrian Franz
|
0-0: Foul Ball, location: 2F 0-1: Called Strike 0-2: Ball 1-2: Ball 2-2: Strikes out looking
|
|
Batting: RHB Mike Storey
|
0-0: Swinging Strike 0-1: Ball 1-1: Ball 2-1: Foul Ball, location: 2F 2-2: Foul Ball, location: 2F 2-2: SOLO HOME RUN (Flyball, 9LD, EV 93.8 MPH), Distance : 340 ft
|
|
Batting: RHB Matt Wallace
|
0-0: Called Strike 0-1: SINGLE (Line Drive, 9S, EV 95.6 MPH)
|
|
Batting: RHB Soichi Kaneshiro
|
0-0: Swinging Strike 0-1: Foul Ball, location: 2F 0-2: Ball 1-2: Ball 2-2: Fly out, F8 (Flyball, 8LD, EV 99.4 MPH)
|
|
Batting: RHB Glen Limeburner
|
0-0: Swinging Strike 0-1: Ball 1-1: Ball Wild Pitch! Matt Wallace to second 2-1: Swinging Strike 2-2: Ball 3-2: Strikes out swinging
|
| Bottom of the 2nd over - 1 run, 2 hits, 0 errors, 1 left on base; Palm Beach 0 - Kelowna 1 |
| TOP OF THE 3RD |
|
Palm Beach Nationals batting - Pitching for Kelowna Heat : RHP Brian Whitley
|
|
Batting: RHB Victor Rojas
|
0-0: Ball 1-0: Called Strike 1-1: Ball 2-1: SINGLE (Line Drive, 9LS, EV 92.5 MPH)
|
|
Batting: RHB Ivan Torres
|
0-0: Ball 1-0: Fielders Choice at 2nd, 4-6 (Groundball, 4, EV 85.0 MPH)
|
|
Batting: RHB Rudolph Lentz
|
0-0: Called Strike 0-1: Ball Ivan Torres is caught stealing 2nd base 2-4 1-1: Swinging Strike 1-2: Ball 2-2: Ball 3-2: Strikes out swinging
|
| Top of the 3rd over - 0 runs, 1 hit, 0 errors, 0 left on base; Palm Beach 0 - Kelowna 1 |
| BOTTOM OF THE 3RD |
|
Kelowna Heat batting - Pitching for Palm Beach Nationals : RHP Michael Bastian
|
|
Batting: RHB Joe Nelson
|
0-0: Called Strike 0-1: Ball 1-1: Foul Ball, location: 2F 1-2: Ball 2-2: Strikes out swinging
|
|
Batting: RHB Tsugio Yamaguchi
|
0-0: Called Strike 0-1: Ball 1-1: Swinging Strike 1-2: Ball 2-2: Foul Ball, location: 2F 2-2: Strikes out swinging
|
|
Batting: LHB Adrian Navarro
|
0-0: Called Strike 0-1: Foul Ball, location: 2F 0-2: Strikes out looking
|
| Bottom of the 3rd over - 0 runs, 0 hits, 0 errors, 0 left on base; Palm Beach 0 - Kelowna 1 |
| TOP OF THE 4TH |
|
Palm Beach Nationals batting - Pitching for Kelowna Heat : RHP Brian Whitley
|
|
Batting: RHB Jess Thomas
|
0-0: Ball 1-0: Called Strike 1-1: Ground out 6-3 (Groundball, 6S, EV 88.8 MPH)
|
|
Batting: RHB Kenny Ball
|
0-0: Ball 1-0: Fly out, F8 (Line Drive, 89M, EV 95.6 MPH)
|
|
Batting: RHB Jason Curry
|
0-0: Ball 1-0: Called Strike 1-1: Foul Ball, location: 2F 1-2: Ball 2-2: Strikes out swinging
|
| Top of the 4th over - 0 runs, 0 hits, 0 errors, 0 left on base; Palm Beach 0 - Kelowna 1 |
| BOTTOM OF THE 4TH |
|
Kelowna Heat batting - Pitching for Palm Beach Nationals : RHP Michael Bastian
|
|
Batting: RHB Armando Ramirez
|
0-0: Called Strike 0-1: SINGLE (Flyball, 9LS, EV 92.5 MPH)
|
|
Batting: RHB Adrian Franz
|
0-0: Ball Armando Ramirez steals 2nd base (no throw) 1-0: Fly out, F7 (Flyball, 7D, EV 98.1 MPH) Runner from 2nd tags up, SAFE at 3rd, no throw by LF
|
|
Batting: RHB Mike Storey
|
0-0: Ball 1-0: Called Strike 1-1: Ball 2-1: Ball 3-1: SINGLE (Line Drive, 78S, EV 104.4 MPH) Armando Ramirez scores
|
|
Batting: RHB Matt Wallace
|
0-0: SINGLE (Groundball, 6MD, EV 98.1 MPH) Mike Storey to second
|
|
Batting: RHB Soichi Kaneshiro
|
0-0: Foul Ball, location: 2F 0-1: Ball 1-1: Called Strike 1-2: Foul Ball, location: 2F 1-2: Ball 2-2: Ball 3-2: Foul Ball, location: 2F 3-2: Strikes out swinging
|
|
Batting: RHB Glen Limeburner
|
0-0: Called Strike 0-1: Foul Ball, location: 2F 0-2: Strikes out swinging
|
| Bottom of the 4th over - 1 run, 3 hits, 0 errors, 2 left on base; Palm Beach 0 - Kelowna 2 |
| TOP OF THE 5TH |
|
Palm Beach Nationals batting - Pitching for Kelowna Heat : RHP Brian Whitley
|
|
Batting: LHB Tony Olvera
|
0-0: Ball 1-0: Called Strike 1-1: Foul Ball, location: 2F 1-2: Foul Ball, location: 2F 1-2: Foul Ball, location: 2F 1-2: Strikes out looking
|
|
Batting: SHB John Husson
|
0-0: Foul Ball, location: 2F 0-1: Ball 1-1: Foul Ball, location: 2F 1-2: Foul Ball, location: 2F 1-2: Ball 2-2: SINGLE (Line Drive, 3D, EV 105.6 MPH)
|
|
Batting: RHB Alex Gonzalez
|
0-0: Swinging Strike 0-1: Ball John Husson steals 2nd base 1-1: Ball 2-1: Called Strike 2-2: Ball 3-2: Foul Ball, location: 2F 3-2: Fly out, F8 (Flyball, 8RD, EV 97.5 MPH)
|
|
Batting: RHB Victor Rojas
|
0-0: Ball 1-0: Foul Ball, location: 2F 1-1: Called Strike 1-2: Strikes out swinging
|
| Top of the 5th over - 0 runs, 1 hit, 0 errors, 1 left on base; Palm Beach 0 - Kelowna 2 |
| BOTTOM OF THE 5TH |
|
Kelowna Heat batting - Pitching for Palm Beach Nationals : RHP Michael Bastian
|
|
Batting: RHB Joe Nelson
|
0-0: Ball 1-0: Ball 2-0: Called Strike 2-1: Swinging Strike 2-2: Strikes out swinging
|
|
Batting: RHB Tsugio Yamaguchi
|
0-0: Ball 1-0: Fly out, F9 (Flyball, 89M, EV 82.5 MPH)
|
|
Batting: LHB Adrian Navarro
|
0-0: Ball 1-0: Ball 2-0: Called Strike 2-1: Foul Ball, location: 2F 2-2: Ball 3-2: Foul Ball, location: 2F 3-2: Foul Ball, location: 2F 3-2: Foul Ball, location: 2F 3-2: Strikes out swinging
|
| Bottom of the 5th over - 0 runs, 0 hits, 0 errors, 0 left on base; Palm Beach 0 - Kelowna 2 |
| TOP OF THE 6TH |
|
Palm Beach Nationals batting - Pitching for Kelowna Heat : RHP Brian Whitley
|
|
Batting: RHB Ivan Torres
|
0-0: Ball 1-0: Ball 2-0: Called Strike 2-1: Ball 3-1: Called Strike 3-2: Strikes out looking
|
|
Batting: RHB Rudolph Lentz
|
0-0: Swinging Strike 0-1: Called Strike 0-2: Ball 1-2: Ball 2-2: Foul Ball, location: 2F 2-2: Strikes out swinging
|
|
Batting: RHB Jess Thomas
|
0-0: Ball 1-0: Ground out 4-3 (Groundball, 4MS, EV 63.8 MPH)
|
| Top of the 6th over - 0 runs, 0 hits, 0 errors, 0 left on base; Palm Beach 0 - Kelowna 2 |
| BOTTOM OF THE 6TH |
|
Kelowna Heat batting - Pitching for Palm Beach Nationals : RHP Michael Bastian
|
|
Pitching: RHP Yorinobu Matsumoto
|
|
|
Batting: RHB Armando Ramirez
|
0-0: Swinging Strike 0-1: Ball 1-1: Ball 2-1: Foul Ball, location: 2F 2-2: SINGLE (Flyball, 4D, EV 91.9 MPH)
|
|
Batting: RHB Adrian Franz
|
0-0: Swinging Strike 0-1: Grounds into double play, 6-4-3 (Groundball, 6, EV 91.2 MPH)
|
|
Batting: RHB Mike Storey
|
0-0: Foul Ball, location: 2F 0-1: Foul Ball, location: 2F 0-2: Ball 1-2: Foul Ball, location: 2F 1-2: Ball 2-2: Foul Ball, location: 2F 2-2: Ball 3-2: SINGLE (Flyball, 56D, EV 96.2 MPH)
|
|
Batting: RHB Matt Wallace
|
0-0: Ball 1-0: Ball 2-0: Ball Mike Storey steals 2nd base 3-0: Called Strike 3-1: Swinging Strike 3-2: Strikes out looking
|
| Bottom of the 6th over - 0 runs, 2 hits, 0 errors, 1 left on base; Palm Beach 0 - Kelowna 2 |
| TOP OF THE 7TH |
|
Palm Beach Nationals batting - Pitching for Kelowna Heat : RHP Brian Whitley
|
|
Batting: RHB Kenny Ball
|
0-0: Ground out 6-3 (Groundball, 6, EV 93.8 MPH)
|
|
Batting: RHB Jason Curry
|
0-0: Ground out 3-1 (Groundball, 13, EV 83.1 MPH)
|
|
Batting: LHB Tony Olvera
|
0-0: Ball 1-0: Called Strike 1-1: Ball 2-1: Ball 3-1: Base on Balls
|
|
Pitching: LHP Ricky Coats
|
|
|
Batting: SHB John Husson
|
0-0: Called Strike 0-1: Ball 1-1: Foul Ball, location: 2F 1-2: Foul Ball, location: 2F 1-2: Strikes out swinging
|
| Top of the 7th over - 0 runs, 0 hits, 0 errors, 1 left on base; Palm Beach 0 - Kelowna 2 |
| BOTTOM OF THE 7TH |
|
Kelowna Heat batting - Pitching for Palm Beach Nationals : RHP Yorinobu Matsumoto
|
|
Batting: RHB Soichi Kaneshiro
|
0-0: Ball 1-0: Ball 2-0: Ball 3-0: Called Strike 3-1: Called Strike 3-2: Ground out 1-3 (Groundball, 15S, EV 73.8 MPH)
|
|
Batting: RHB Glen Limeburner
|
0-0: Called Strike 0-1: Ball 1-1: Ball 2-1: Ball 3-1: SINGLE (Groundball, 34D, EV 98.8 MPH)
|
|
Batting: RHB Joe Nelson
|
0-0: Ball 1-0: Called Strike 1-1: Swinging Strike 1-2: Foul Ball, location: 2F 1-2: Foul Ball, location: 2F 1-2: Strikes out swinging
|
|
Batting: RHB Tsugio Yamaguchi
|
0-0: Ground out 4-3 (Groundball, 34S, EV 88.8 MPH)
|
| Bottom of the 7th over - 0 runs, 1 hit, 0 errors, 1 left on base; Palm Beach 0 - Kelowna 2 |
| TOP OF THE 8TH |
|
Palm Beach Nationals batting - Pitching for Kelowna Heat : LHP Ricky Coats
|
|
Batting: RHB Alex Gonzalez
|
0-0: Ball 1-0: Ball 2-0: Ball 3-0: Called Strike 3-1: Called Strike 3-2: Strikes out swinging
|
|
Batting: RHB Victor Rojas
|
0-0: Ball 1-0: Called Strike 1-1: Ball 2-1: Foul Ball, location: 2F 2-2: Ball 3-2: Strikes out swinging
|
|
Batting: RHB Ivan Torres
|
0-0: Called Strike 0-1: Swinging Strike 0-2: Strikes out swinging
|
| Top of the 8th over - 0 runs, 0 hits, 0 errors, 0 left on base; Palm Beach 0 - Kelowna 2 |
| BOTTOM OF THE 8TH |
|
Kelowna Heat batting - Pitching for Palm Beach Nationals : RHP Yorinobu Matsumoto
|
|
Batting: LHB Adrian Navarro
|
0-0: Called Strike 0-1: Foul Ball, location: 2F 0-2: Ball 1-2: Strikes out swinging
|
|
Batting: RHB Armando Ramirez
|
0-0: Foul Ball, location: 2F 0-1: Ball 1-1: Ball 2-1: Foul Ball, location: 2F 2-2: Foul Ball, location: 2F 2-2: Strikes out swinging
|
|
Batting: RHB Adrian Franz
|
0-0: Ground out 4-3 (Groundball, 4, EV 82.5 MPH)
|
| Bottom of the 8th over - 0 runs, 0 hits, 0 errors, 0 left on base; Palm Beach 0 - Kelowna 2 |
| TOP OF THE 9TH |
|
Palm Beach Nationals batting - Pitching for Kelowna Heat : LHP Ricky Coats
|
|
Pitching: RHP Josh Henderson
|
|
|
Batting: RHB Rudolph Lentz
|
0-0: Called Strike 0-1: Ball 1-1: DOUBLE (Line Drive, 78M, EV 91.9 MPH)
|
|
Batting: RHB Ryan Wright
|
0-0: Ball 1-0: Foul Ball, location: 2F 1-1: Ball 2-1: Foul Ball, location: 2F 2-2: Ball 3-2: Foul Ball, location: 2F 3-2: Foul Ball, location: 2F 3-2: Foul Ball, location: 2F 3-2: SINGLE (Groundball, 56S, EV 71.9 MPH) (infield hit) Rudolph Lentz to third
|
|
Pinch Hitting: RHB Qian Tai
|
0-0: Ball 1-0: Ball 2-0: Called Strike 2-1: Fly out, F7 (Line Drive, 7, EV 103.8 MPH)
|
|
Pinch Hitting: RHB Jose Ortiz
|
0-0: Ball 1-0: Foul Ball, location: 2F 1-1: Ball 2-1: Ball 3-1: Ground out 3-1 (Groundball, 34S, EV 83.1 MPH) Rudolph Lentz scores Ryan Wright to second
|
|
Pinch Hitting: RHB Colin Morris
|
0-0: Foul Ball, location: 2F 0-1: Ball 1-1: Fly out, F5 (Line Drive, 5L, EV 102.5 MPH)
|
| Top of the 9th over - 1 run, 2 hits, 0 errors, 1 left on base; Palm Beach 1 - Kelowna 2 |
|